 Dungeon Crawl Stone Soup version 0.31-a0-240-gb923e448b6 (webtiles) character file.

Game seed: 4973821306910923052

177 qw the Shooter (level 5, -5/30 HPs)
             Began as a Gargoyle Hexslinger on July 11, 2023.
             Slain by Menkaure (9 damage)
             ... on level 3 of the Dungeon.
             The game lasted 00:00:57 (2020 turns).

qw the Shooter (Gargoyle Hexslinger)                Turns: 2020, Time: 00:00:57

Health: -5/30      AC: 14    Str: 11    XL:     5   Next: 57%
Magic:  6/6        EV: 10    Int: 14    God:
Gold:   185        SH:  0    Dex: 14    Spells: 5/6 levels left

rFire   . . .        Y - +2 sling
rCold   . . .        (no shield)
rNeg    + . .        c - +0 ring mail
rPois   inf          f - +2 helmet
rElec   +            (no cloak)
rCorr   .            h - +1 pair of gloves
SInv    .            (no boots)
Will    .....        a - amulet of the acrobat
Stlth   +            (no ring)
HPRegen 0.25/turn    (no ring)
MPRegen 0.10/turn

%: acrobat
@: no status effects
A: sickness immunity, AC +4, negative energy resistance 1, electricity
resistance, torment resistance 1, petrification resistance
a: no special abilities


You were on level 3 of the Dungeon.
You visited 1 branch of the dungeon, and saw 4 of its levels.

You collected 185 gold pieces.


Innate Abilities, Weirdness & Mutations

You are immune to sickness and miasma.
Your stone body is resilient. (AC +4)
You are immune to poison.
You resist negative energy. (rN+)
You are resistant to electric shocks. (rElec)
You are resistant to unholy torment.
You are immune to petrification.


   Skills:
 + Level 2.1 Fighting
 - Level 5.1 Ranged Weapons
 - Level 1.2 Armour
 - Level 1.5 Dodging
 - Level 1.0 Spellcasting
 - Level 2.6 Hexes


You had 5 spell levels left.
You knew the following spells:

 Your Spells              Type           Power      Damage    Failure   Level
a - Slow                  Hex            32%        N/A       21%         1

Your spell library contained the following spells:

 Spells                   Type           Power      Damage    Failure   Level
 Inner Flame              Hex/Fire       4%         N/A       71%         3
 Portal Projectile        Hex/Tloc       8%         N/A       71%         3
 Cause Fear               Hex            4%         N/A       90%         4

Inventory:

Hand Weapons
 Y - a +2 sling (weapon)
Armour
 c - a +0 ring mail (worn)
 f - a +2 helmet (worn)
 h - a +1 pair of gloves (worn)
Jewellery
 a - an amulet of the acrobat (around neck)
Scrolls
 e - a scroll of identify
Potions
 b - 3 potions of curing
 i - a potion of cancellation
 j - a potion of brilliance {unknown}

Dungeon Overview and Level Annotations

Branches:
Dungeon (4/15)
 Temple: D:4-7

Altars:

Annotations:
D:3 Menkaure


Message History

You hear a shout!
1974 ||| STAIRDANCE You climb upwards.
There is a stone staircase leading down here.
You start resting.
HP restored.
Done exploring.
(D) Dungeon
Where to? (* - list waypoints, Enter - D:4, ? - help)
What level of the Dungeon? (default 1, ? - help)
You climb downwards.
Level annotation: Menkaure
There is a stone staircase leading up here.
There are monsters nearby!
You shoot a sling bullet. The sling bullet hits the orc priest.
The orc priest is moderately wounded.
The orc priest hits you but does no damage.
Menkaure gestures wildly while chanting.
Menkaure seems to speed up.
The orc priest begins to cast a cantrip, but forgets the words!
A gnoll bouda comes into view. It is wielding a +0 club.
You shoot a sling bullet. The sling bullet hits the orc priest.
The orc priest is severely wounded.
The orc priest mumbles some strange prayers to Beogh against you.
Beogh smites you!
Ouch! That really hurt!
2018 ||| STAIRDANCE Menkaure hits you!
The orc priest hits you but does no damage.
The orc priest looks satisfied for a moment.
The gnoll bouda barks out a call to the hunt!
You hear a shout!
You climb upwards.
There is a stone staircase leading down here.
You shoot a sling bullet.
The sling bullet barely misses the orc priest.
Menkaure barely misses you.
The orc priest hits you but does no damage.
Menkaure hits you!
You die...

.# #######.....)..........# .###
#....#?.##.#.#.#.#.#..# ###
...###............%........#
##..
##....<.......#.#.#.#.#.#..#
#..#
#####......)..............###.##
#....>...#.#.#(#.#.#..'....#
#.....................####..
#........#.#o#.#.#.#..# ###
#..........@..........# #
#........#M#.#.#.#.####
#.............##.###
#................#
#......(......####
#.##.#.########
#.##.#.###########
#.##.#...........#
#.##.###########.#


You could see Menkaure (fast) and an orc priest.

Vanquished Creatures
  A scorpion (D:3)
  3 gnolls (D:3)
  3 adders
  A dart slug (D:1)
  10 bats
  8 endoplasms
  3 giant cockroaches
  4 goblins
  4 hobgoblins
  3 jackals (D:3)
  A quokka (D:2)
  6 ball pythons
  3 frilled lizards
  5 kobolds
  7 rats
62 creatures vanquished.

Notes
Turn   | Place    | Note
-------+----------+-------------------------------------------
     0 | D:1      | qw the Gargoyle Hexslinger began the quest for the Orb.
     0 | D:1      | Reached XP level 1. HP: 12/12 MP: 2/2
     0 | D:1      | 0 ||| qw: Version: 0.3-a-52-g30416fa
     0 | D:1      | 0 ||| qw: Game counter: 6050
     0 | D:1      | 0 ||| qw: Melee chars always use a shield: true
     0 | D:1      | 0 ||| qw: God list: Okawaru
     0 | D:1      | 0 ||| qw: Allow faded altars: false
     0 | D:1      | 0 ||| qw: Do Orc after clearing Dungeon:15 true
     0 | D:1      | 0 ||| qw: Do second Lair branch before Depths: true
     0 | D:1      | 0 ||| qw: Lair rune preference: random
     0 | D:1      | 0 ||| qw: Goals: Normal
     0 | D:1      | 0 ||| PLANNING D:1-11
   162 | D:1      | Reached XP level 2. HP: 16/16 MP: 3/3
   258 | D:1      | Reached skill level 3 in Ranged Weapons
   643 | D:1      | 643 ||| UPGRADING to +2 helmet.
   648 | D:1      | 648 ||| UPGRADING to +0 pair of gloves.
   653 | D:1      | 653 ||| UPGRADING to +0 leather armour.
   663 | D:1      | 663 ||| DROPPING +0 robe.
   664 | D:1      | 664 ||| READING scroll labelled KALUACS RA QUQ.
   665 | D:1      | 665 ||| READING 3 scrolls labelled MUIN JUW SELY.
   666 | D:1      | 666 ||| READING 2 scrolls of identify.
   666 | D:1      | 666 ||| IDENTIFYING red potion
   667 | D:1      | 667 ||| DROPPING scroll of poison.
   745 | D:2      | Reached XP level 3. HP: 17/21 MP: 4/4
   750 | D:2      | 750 ||| FLEEEEING.
  1239 | D:2      | 1239 ||| UPGRADING to +0 ring mail.
  1249 | D:2      | 1249 ||| DROPPING +0 leather armour.
  1250 | D:2      | 1250 ||| UPGRADING to amulet of the acrobat.
  1255 | D:2      | 1255 ||| READING scroll labelled ENOECV SUECHA.
  1256 | D:2      | 1256 ||| DRINKING 3 sedimented puce potions.
  1264 | D:3      | Reached XP level 4. HP: 26/26 MP: 5/5
  1320 | D:3      | Reached skill level 1 in Armour
  1331 | D:3      | Reached skill level 4 in Ranged Weapons
  1595 | D:3      | Noticed a scorpion
  1604 | D:3      | Killed a scorpion
  1605 | D:3      | Reached skill level 5 in Ranged Weapons
  1605 | D:3      | Reached XP level 5. HP: 24/30 MP: 6/6
  1938 | D:3      | 1938 ||| UPGRADING to +1 pair of gloves.
  1948 | D:3      | 1948 ||| DROPPING +0 pair of gloves.
  1949 | D:3      | 1949 ||| READING scroll labelled WAN OSCHUAR.
  1950 | D:3      | 1950 ||| READING scroll labelled XAOLIE AGEI.
  1951 | D:3      | 1951 ||| READING scroll labelled GIT PETEF DEG.
  1972 | D:4      | Noticed Menkaure
  1974 | D:4      | 1974 ||| STAIRDANCE
  2018 | D:4      | 2018 ||| STAIRDANCE
  2018 | D:4      | HP: 3/30 [Menkaure (11)]
  2020 | D:3      | Slain by Menkaure

Levels and vault maps discovered:
D:1:      dpeg_arrival_boxorama, layout_loops_ring, chequers_avenue
D:2:      layout_loops_cross, item_on_display_a
D:3:      layout_basic, st_stairs_11, amcnicky_mini_pool_small
D:4:      layout_basic, nicolae_uskayaw_en_pointe, uniq_blork_the_orc,
          uniq_menkaure

Skill      XL: |  1  2  3  4 |
---------------+-------------+-----
Ranged Weapons | 3 5 |  5.1
Fighting       | 2 |  2.1
Armour         | 1 |  1.2
Dodging        | |  1.5
Spellcasting   | |  1.0
Hexes          | |  2.6

Action                     |  1- 3 |  4- 6 || total
---------------------------+-------+-------++-------
   Fire: Sling             |    87 |   127 ||   214
    Use: Scroll            |     4 |     3 ||     7
         Potion            |     1 |       ||     1
 Armour: Robe              |     8 |       ||     8
         Leather armour    |     2 |       ||     2
         Ring mail         |       |    59 ||    59
  Dodge: Dodged            |    12 |    62 ||    74

Table legend:
 A = Non-vault XP
 B = Vault XP
 C = Vault XP percentage of total XP
 D = Non-vault monster count
 E = Vault monster count
 F = Vault count percentage of total count
                 A         B        C        D         E       F
            +---------+---------+-------+---------+---------+-------
      Total |     246 |       7 |   2.8 |      57 |       5 |   8.1
            +---------+---------+-------+---------+---------+-------
        D:1 |      32 |       0 |   0.0 |      19 |       0 |   0.0
        D:2 |      49 |       0 |   0.0 |      17 |       0 |   0.0
        D:3 |     165 |       7 |   4.1 |      21 |       5 |  19.2
            +---------+---------+-------+---------+---------+-------
